 Dungeon Crawl Stone Soup version 0.27-b1-42-g19c61b19a5 (webtiles) character file.

Game seed: 15671894207730650938

145 shadowrider38 the Chopper (level 5, 0/45 HPs)
             Began as a Minotaur Berserker on July 29, 2021.
             Was a Believer of Trog.
             Slain by Sigmund (13 damage)
             ... on level 4 of the Dungeon.
             The game lasted 00:04:21 (3561 turns).

shadowrider38 the Chopper (Minotaur Berserker)      Turns: 3561, Time: 00:04:24

Health: 0/45       AC:  2    Str: 23    XL:     5   Next: 6%
Magic:  4/4        EV:  7    Int:  4    God:    Trog [**....]
Gold:   191        SH: 12    Dex:  9    Spells: 4/4 levels left

rFire    . . .     SeeInvis .   a - +0 hand axe
rCold    . . .     Faith    .   o - +0 tower shield
rNeg     . . .     Spirit   .   b - +0 animal skin
rPois    .         Reflect  .   (helmet restricted)
rElec    .         Harm     .   (no cloak)
rCorr    .         Rampage  .   (no gloves)
Will     .....                  (no boots)
Stlth    +.........             (no amulet)
HPRegen  0.15/turn              (no ring)
MPRegen  0.09/turn              (no ring)

@: no status effects
A: horns 2, retaliatory headbutt
a: Renounce Religion, Berserk, Trog's Hand


You were on level 4 of the Dungeon.
You worshipped Trog.
Trog was pleased with you.
You visited 1 branch of the dungeon, and saw 4 of its levels.

You collected 191 gold pieces.

Inventory:

Hand Weapons
 a - a +0 hand axe (weapon)
Armour
 b - a +0 animal skin (worn)
 o - a +0 tower shield (worn)
Jewellery
 c - an amulet of the acrobat
 g - a ring of fire
Scrolls
 d - a scroll of blinking {unknown}
 e - a scroll of fog {unknown}
 h - a scroll of magic mapping {unknown}
 m - a scroll of amnesia {unknown}
 n - a scroll of fear {unknown}
 p - a scroll of identify {unknown}
 q - a scroll of teleportation {unknown}
Potions
 f - a potion of might {unknown}
 i - a potion of curing {unknown}
 j - a potion of lignification {unknown}
 k - 3 potions of attraction {unknown}
 l - 2 potions of heal wounds {unknown}
 r - a potion of invisibility {unknown}


   Skills:
 - Level 3.6 Fighting
 + Level 6.7 Axes
 - Level 2.4 Armour
 - Level 2.1 Dodging
 - Level 1.0 Stealth
 + Level 0.1 Shields


You had 4 spell levels left.
You didn't know any spells.
Your spell library was empty.

Dungeon Overview and Level Annotations

Branches:
Dungeon (4/15)
 Temple: D:4-7

Altars:
Ashenzari
Gozag
Hepliaklqana
Trog
Uskayaw

Shops:
D:4 !:

Annotations:
D:4 Sigmund


Innate Abilities, Weirdness & Mutations

You have a pair of horns on your head.
You reflexively headbutt those who attack you in melee.


Message History

The puff of flame hits you!
You hit Sigmund but do no damage.
Sigmund is moderately wounded.
Sigmund gestures at you while chanting. You resist with some effort.
You block Sigmund's attack.
You closely miss Sigmund.
Sigmund is moderately wounded.
You block Sigmund's attack.
You slash Sigmund!
Sigmund is heavily wounded.
Sigmund hits you with a +0 scythe! Sigmund hits you with a +0 scythe.
You hit Sigmund but do no damage.
Sigmund is heavily wounded.
Sigmund hits you with a +0 scythe!
You are too injured to fight recklessly!
You barely miss Sigmund.
Sigmund is heavily wounded.
You block Sigmund's attack. Sigmund gestures at you while chanting.
You resist with some effort.
You hit Sigmund. Your headbutt misses Sigmund.
Sigmund is severely wounded.
Sigmund gestures at you while chanting. The puff of flame misses you.
You completely miss Sigmund.
Sigmund is severely wounded.
Sigmund says, "Don't worry, I'll kill you fast."
You block Sigmund's attack. Sigmund hits you with a +0 scythe.
You closely miss Sigmund.
Sigmund is severely wounded.
Sigmund gestures at you while chanting. The magic dart hits you.
* * * LOW HITPOINT WARNING * * *
You slash Sigmund! Your headbutt misses Sigmund.
Sigmund is almost dead.
Sigmund casts a spell.
Sigmund flickers and vanishes!
Deactivating autopickup; reactivate with Ctrl-A.
Something hits you!
You die...

#...# #.......# #.#.
#...#####.......###.#.
#.....................
##'#########+#....#.#.
#.# #....##.#.#.#.
#.######.............
#>...................
..#####...##.......<....
#......@..##............
....##.{#.##............
.. #..#.##............
#..# .............. #..#
.#............
#..................
##.##.#............ #.
#.# .............. #.
#.# #............<


There were no monsters in sight!

Vanquished Creatures
  A bullfrog (D:3)
  2 adders
  A dart slug (D:3)
  4 bats
  11 endoplasms
  2 giant cockroaches (D:1)
  8 goblins
  5 hobgoblins
  4 jackals (D:2)
  2 ball pythons
  6 frilled lizards
  5 kobolds
  5 rats
  A spectral goblin (D:3)
57 creatures vanquished.

Notes
Turn   | Place    | Note
-------+----------+-------------------------------------------
     0 | D:1      | shadowrider38 the Minotaur Berserker began the quest for
                  | the Orb.
     0 | D:1      | Reached XP level 1. HP: 19/19 MP: 0/0
   234 | D:1      | Reached skill level 4 in Axes
   326 | D:1      | Reached XP level 2. HP: 25/26 MP: 1/1
  1032 | D:2      | Reached skill level 5 in Axes
  1322 | D:2      | Reached XP level 3. HP: 30/31 MP: 2/2
  1388 | D:2      | Reached ** piety under Trog
  2101 | D:3      | Found an opulent altar of Gozag.
  2116 | D:3      | Found a bloodstained altar of Trog.
  2152 | D:3      | Noticed a bullfrog
  2156 | D:3      | Killed a bullfrog
  2157 | D:3      | Reached skill level 6 in Axes
  2157 | D:3      | Reached skill level 1 in Stealth
  2157 | D:3      | Reached XP level 4. HP: 25/39 MP: 3/3
  2475 | D:3      | Found a broken altar of Ashenzari.
  3130 | D:3      | Found a hazy altar of Hepliaklqana.
  3213 | D:3      | Found a faded altar of an unknown god.
  3261 | D:4      | Reached XP level 5. HP: 40/45 MP: 4/4
  3304 | D:4      | Found Fieh's Distillery.
  3364 | D:4      | Found a hide-covered altar of Uskayaw.
  3483 | D:4      | Found Piduc's Book Shoppe.
  3549 | D:4      | Noticed Sigmund
  3561 | D:4      | Slain by Sigmund

Illustrated notes

Levels and vault maps discovered:
D:1:      nicolae_arrival_washed_ashore, layout_basic
D:2:      layout_basic
D:3:      layout_loops_cross, mainiacjoe_overflow_big_doors,
          nicolae_hepliaklqana_monster_ancestors, lemuel_tele_altar,
          hellmonk_ecumenical_altar_prayer_group, minmay_strange_pillars
D:4:      layout_basic, mainiacjoe_overflow_boulevard,
          minmay_temple_entry_arrows, serial_shops, shop, nicolae_diamond_shop,
          shop, uniq_sigmund

Skill      XL: |  1  2  3 |
---------------+----------+-----
Axes           | 4 5 6 |  6.7
Stealth        | 1 |  1.0
Fighting       | |  3.6
Armour         | |  2.4
Dodging        | |  2.1
Shields        | |  0.1

Action                   |  1- 3 |  4- 6 || total
-------------------------+-------+-------++-------
Melee: Hand axe          |    76 |    47 ||   123
       Headbutt          |     9 |     8 ||    17
 Stab: Sleeping          |       |     1 ||     1
Armor: Animal skin       |    13 |     8 ||    21
Dodge: Dodged            |    38 |    14 ||    52
Block: Tower shield      |       |    17 ||    17
